 Dungeon Crawl Stone Soup version 0.24.0-13-gcf9b319 (webtiles) character file.

Game seed: 5784601534423654309, levelgen mode: deterministic

4298 vacationcrawler the Skirmisher (level 10, -3/80 HPs)
             Began as a Demonspawn Gladiator on Mar 9, 2020.
             Was a Believer of Yredelemnul.
             Slain by a polar bear (10 damage)
             ... on level 8 of the Dungeon.
             The game lasted 00:24:39 (9198 turns).

vacationcrawler the Skirmisher (DsGl)               Turns: 9198, Time: 00:24:40

Health: -3/80      AC: 16    Str: 19    XL:     10   Next: 11%
Magic:  13/13      EV: 16    Int:  9    God:    Yredelemnul [**....]
Gold:   270        SH:  0    Dex: 19    Spells: 9/9 levels left

rFire    . . .     SeeInvis +   z - +0 flail (crush)
rCold    . . .     Gourm    .   (no shield)
rNeg     . . .     Faith    .   P - +4 ring mail
rPois    .         Spirit   .   c - +0 helmet
rElec    .         Reflect  .   t - +0 cloak
rCorr    .         Harm     .   v - +0 pair of gloves
MR       .....                  (no boots)
Stlth    ++........             (no amulet)
HPRegen  0.23/turn              A - ring of see invisible
MPRegen  0.13/turn              U - +5 ring of dexterity

@: no status effects
A: talons 2, yellow scales 2, nightstalker 1, rot immunity
a: Animate Remains, Recall Undead Slaves, Injury Mirror, Renounce Religion


You were on level 8 of the Dungeon.
You worshipped Yredelemnul.
Yredelemnul was pleased with you.
You were near starving.

You visited 1 branch of the dungeon, and saw 8 of its levels.
You also visited: Ossuary.

You collected 270 gold pieces.

Inventory:

Hand Weapons
 u - a +0 mace of draining
 z - a +0 flail of crushing (weapon)
Missiles
 d - 3 throwing nets (quivered)
 N - 5 javelins
Armour
 c - a +0 helmet (worn)
 t - a +0 cloak (worn)
 v - a +0 pair of gloves (worn)
 E - a +0 shield
 H - a +0 ring mail
 M - a +0 chain mail
 P - a +4 ring mail (worn)
Jewellery
 w - an uncursed ring of fire
 A - a ring of see invisible (left hand)
 S - an uncursed ring of positive energy
 U - a +5 ring of dexterity (right hand)
Wands
 a - a wand of flame (7)
 b - a wand of paralysis (13)
 h - a wand of acid (4)
 o - a wand of polymorph (7)
 O - a wand of iceblast (8)
Scrolls
 e - a scroll of fog
 g - 2 scrolls of teleportation
 k - 2 scrolls of enchant weapon {unknown}
 m - a scroll of remove curse
 p - a scroll of amnesia {unknown}
 s - a scroll of magic mapping {unknown}
 y - 2 scrolls of fear
 F - 4 scrolls of identify
 I - a scroll of immolation {unknown}
 J - 3 scrolls of enchant armour {unknown}
 Q - a scroll of random uselessness {unknown}
 R - a scroll of summoning {unknown}
 T - a scroll of blinking {unknown}
Potions
 i - 2 potions of might
 j - 9 potions of curing
 l - 4 potions of flight
 n - 4 potions of agility
 q - 3 potions of invisibility
 r - a potion of brilliance
 x - 2 potions of haste
 B - 2 potions of lignification
 C - 2 potions of mutation
 D - a potion of resistance
 G - a potion of ambrosia
 K - a potion of magic
 L - 2 potions of berserk rage {unknown}
Comestibles
 f - 18 rations
 V - 2 chunks of flesh


   Skills:
 + Level 7.8 Fighting
 + Level 7.6 Maces & Flails
 - Level 3.0 Throwing
 + Level 3.7 Armour
 + Level 7.5 Dodging
 + Level 1.2 Shields
 + Level 4.3 Invocations


You had 9 spell levels left.
You didn't know any spells.
Your spell library contained the following spells:

 Spells                   Type           Power        Failure   Level  Hunger
 Corona                   Hex            #......      56%         1    ##.....
 Magic Dart               Conj           #...         56%         1    ##.....
 Ensorcelled Hibernation  Hex/Ice        #.....       71%         2    ###....
 Searing Ray              Conj           #.....       71%         2    ###....
 Confuse                  Hex            #.......     90%         3    ####...
 Dazzling Spray           Conj/Hex       #.....       90%         3    ####...
 Tukima's Dance           Hex            #.......     90%         3    ####...
 Force Lance              Conj/Tloc      #.......     100%        4    #####..
 Fulminant Prism          Conj/Hex       #.........   100%        4    #####..
 Iskenderun's Mystic Bla  Conj           #.......     100%        4    #####..
 Bolt of Magma            Conj/Fire/Erth #.........   100%        5    ######.
 Iskenderun's Battlesphe  Conj/Chrm      #.......     100%        5    ######.
 Venom Bolt               Conj/Pois      #.........   100%        5    ######.
 Iron Shot                Conj/Erth      #.........   100%        6    #######
 Orb of Destruction       Conj           #.........   100%        7    #######
 Spellforged Servitor     Conj/Summ      #.........   100%        7    #######


Dungeon Overview and Level Annotations

Branches:
Dungeon (8/15)             Temple (0/1) D:7         Ossuary (visited)
   Lair: D:8-11

Altars:
Cheibriados
Dithmenos
Makhleb
Nemelex Xobeh
Okawaru
Ru
Trog
Wu Jian
Yredelemnul
Zin
The Shining One

Annotations:
D:5 Pikel
D:8 Maurice


Innate Abilities, Weirdness & Mutations

You have razor-sharp toenails.
You are mostly covered in yellow scales. (AC +3)
You are slightly more attuned to the shadows.
You are immune to rotting.


Message History

The polar bear is severely wounded.
The polar bear goes berserk!
You bump into the rock wall.
The polar bear bites you. The polar bear misses you.
The polar bear claws you but does no damage.
You sock the polar bear! You claw the polar bear.
The polar bear is almost dead.
The polar bear bites you!
* * * LOW HITPOINT WARNING * * *
The polar bear claws you but does no damage. x2
Maurice blinks at you.
You are more confused.
The polar bear bites you!!
* * * LOW HITPOINT WARNING * * *
The polar bear misses you.
The polar bear claws you but does no damage.
Unknown command.
You feel better. The polar bear bites you!
You die...
Your body rises from the dead as a mindless zombie.

........# #.###.#.#
#.#...#.# #.#.###.#
........# #.#.###.#### ##
....#.#.##.# .#
#)###.#.##.####### .# #
.)..)...##.##..G@# #.# .#
....)..........#h#####.##.#
##########.##..#(#.G......##
#.##..#.#h##.......
.>....#.#.##..#..##
...###.#.#.##..#..# .. ###.#
#.#....#.[#..###..8 #.#
#....#..).#....Y...
###....#...รท.......


You could see a polar bear (berserk) and Maurice the golden eye.

Vanquished Creatures
  Prince Ribbit (D:7)
  Sigmund (D:5)
  Menkaure (D:7)
  Edmund (D:4)
  A water moccasin (D:6)
  Duvessa (D:6)
  2 sky beasts
  6 ice beasts
  4 slaves (D:6)
  3 orc warriors
  2 phantoms
  3 ogres
  A centaur (D:6)
  Blork the orc (D:5)
  3 bullfrogs
  2 water moccasin zombies (Ossuary)
  Dowan (D:6)
  A scorpion (D:5)
  4 wights (D:8)
  A howler monkey (D:4)
  2 crimson imps
  A centaur zombie (D:7)
  A bullfrog zombie (D:7)
  A jelly (D:5)
  2 orc priests
  2 hounds (D:7)
  Crazy Yiuf (D:2)
  A gnoll shaman (D:7)
  7 orc wizards
  Ijyb (D:3)
  A centaur skeleton (D:7)
  An iguana (D:5)
  A bullfrog skeleton (D:8)
  Natasha (thrice) (D:4)
  6 worker ants
  2 big kobold zombies (Ossuary)
  A hound zombie (D:6)
  A hound skeleton (D:7)
  2 mummies (Ossuary)
  2 worker ant zombies
  11 gnolls
  6 adders
  An ufetubus (D:8)
  2 oozes
  A worm (D:2)
  An adder skeleton (D:7)
  3 adder zombies (Ossuary)
  3 dart slugs
  7 leopard geckos
  22 orcs
  6 bats
  5 giant cockroaches
  7 goblins
  3 hobgoblins
  8 jackals
  7 kobolds
  2 quokkas
  A ball python (D:6)
  6 frilled lizards
  3 gnoll zombies
  2 hobgoblin zombies (Ossuary)
  A jackal skeleton (D:4)
  8 kobold zombies (Ossuary)
  A leopard gecko skeleton (D:5)
  9 orc zombies (Ossuary)
  2 rats
207 creatures vanquished.

Notes
Turn   | Place    | Note
-------+----------+-------------------------------------------
     0 | D:1      | vacationcrawler the Demonspawn Gladiator began the quest
                  | for the Orb.
     0 | D:1      | Reached XP level 1. HP: 16/16 MP: 1/1
     6 | D:1      | You fall into a shaft and drop 1 floor!
   362 | D:2      | Found a runed translucent door.
   363 | D:2      | Noticed Crazy Yiuf
   405 | D:1      | Gained mutation: You are partially covered in yellow
                  | scales. (AC +2) [demonic ancestry]
   405 | D:1      | Reached XP level 2. HP: 19/22 MP: 2/2
   706 | D:1      | Gained mutation: You have sharp toenails. [demonic
                  | ancestry]
   706 | D:1      | Reached XP level 3. HP: 27/27 MP: 3/3
  1065 | D:2      | Gained mutation: You are slightly more attuned to the
                  | shadows. [demonic ancestry]
  1065 | D:2      | Reached XP level 4. HP: 22/34 MP: 4/4
  1726 | D:2      | Killed Crazy Yiuf
  1990 | D:3      | Found a shadowy altar of Dithmenos.
  2362 | D:2      | Reached XP level 5. HP: 13/40 MP: 5/5
  2983 | D:4      | Found a bloodstained altar of Trog.
  3068 | D:4      | Noticed Ijyb
  3109 | D:3      | Killed Ijyb
  3247 | D:4      | Noticed Edmund
  3274 | D:4      | Killed Edmund
  3274 | D:4      | Gained mutation: You are mostly covered in yellow scales.
                  | (AC +3) [demonic ancestry]
  3274 | D:4      | Reached XP level 6. HP: 10/48 MP: 6/6
  3557 | D:4      | Noticed Natasha
  3565 | D:4      | Killed Natasha
  3682 | D:4      | Noticed Natasha
  3689 | D:4      | Killed Natasha
  3923 | D:5      | Entered Level 5 of the Dungeon
  3961 | D:5      | Found a sand-covered staircase.
  3961 | D:5      | Noticed Sigmund
  3989 | Ossuary  | Entered an ossuary
  4176 | Ossuary  | Reached XP level 7. HP: 37/55 MP: 7/7
  4520 | D:4      | Reached skill level 5 in Maces & Flails
  4555 | D:4      | Noticed Natasha
  4561 | D:4      | Killed Natasha
  4662 | D:5      | Killed Sigmund
  4662 | D:5      | Reached skill level 5 in Fighting
  4662 | D:5      | Reached skill level 5 in Dodging
  4724 | D:5      | Gained mutation: You are immune to rotting. [demonic
                  | ancestry]
  4724 | D:5      | Reached XP level 8. HP: 63/63 MP: 8/8
  5079 | D:5      | Found a sparkling altar of Nemelex Xobeh.
  5175 | D:5      | Found a basalt altar of Yredelemnul.
  5203 | D:5      | Became a worshipper of Yredelemnul the Dark
  5268 | D:5      | Found a snail-covered altar of Cheibriados.
  5326 | D:5      | Found an iron altar of Okawaru.
  5367 | D:5      | Noticed Blork the orc
  5373 | D:5      | Killed Blork the orc
  5995 | D:6      | Noticed Pikel
  6504 | D:6      | Reached skill level 1 in Armour
  6504 | D:6      | Gained mutation: You have razor-sharp toenails. [demonic
                  | ancestry]
  6504 | D:6      | Reached XP level 9. HP: 20/71 MP: 9/9
  7168 | D:6      | Reached * piety under Yredelemnul
  7579 | D:7      | Noticed Dowan
  7583 | D:7      | Noticed Duvessa
  7597 | D:6      | Killed Dowan
  7835 | D:6      | Killed Duvessa
  7835 | D:6      | Reached skill level 1 in Invocations
  7917 | D:7      | Found a staircase to the Ecumenical Temple.
  7918 | D:7      | Found a glowing silver altar of Zin.
  8103 | D:7      | Found a burning altar of Makhleb.
  8157 | D:7      | Noticed Menkaure
  8165 | D:7      | Killed Menkaure
  8165 | D:7      | Noticed Prince Ribbit
  8431 | D:7      | Reached ** piety under Yredelemnul
  8435 | D:7      | Found a sacrificial altar of Ru.
  8435 | D:7      | Found an ornate altar of the Wu Jian Council.
  8436 | D:7      | Found a shadowy altar of Dithmenos.
  8436 | D:7      | Found a glowing golden altar of the Shining One.
  8510 | D:7      | Killed Prince Ribbit
  8997 | D:8      | Reached XP level 10. HP: 70/80 MP: 11/13
  9062 | D:8      | Reached skill level 1 in Shields
  9088 | D:8      | Noticed Maurice
  9091 | D:8      | Noticed Maurice
  9091 | D:8      | Maurice changed into Maurice the golden eye
  9197 | D:8      | HP: 2/80 [polar bear (21)]
  9198 | D:8      | Slain by a polar bear

Levels and vault maps discovered:
D:1:      tarquinn_simple_flora_water_f, layout_rooms, minivault_23
D:2:      layout_loops_ring, serial_park_tiny_pond, uniq_crazy_yiuf_cottage
D:3:      layout_rooms, serial_glass, glass_columns_c, glass_columns_b,
          minivault_4, nicolae_dithmenos_through_a_glass_darkly
D:4:      layout_gridville, trog_three_pillars_becter, uniq_natasha,
          uniq_edmund, uniq_ijyb
D:5:      layout_basic, lemuel_coloured_pillars_altar,
          lemuel_zombie_altar_yredelemnul, lemuel_crystal_altar,
          nicolae_overflow_crystal_walls, nicolae_ossuary_entry_ruins,
          first_ration, uniq_sigmund, uniq_blork_the_orc
D:6:      layout_loops_cross, uniq_pikel
D:7:      layout_rooms, lemuel_crystal_altar, grunt_temple_overflow_cloverleaf,
          minmay_temple_entry_stoned_glass, basic_altar, grunt_ogre_cave,
          uniq_duvessa, uniq_menkaure, uniq_prince_ribbit1
D:8:      layout_loops_ring, special_room [special_room_orc], serial_ice,
          serial_ice_g, serial_ice_h, serial_ice_o, serial_ice_d, serial_ice_m,
          serial_ice_j, chequers_serial_rivers_micro_e,
          eino_small_chamber_without_monster, dk_noncrumbling_3,
          minmay_misc_feat_roman, trog_book, uniq_maurice, uniq_joseph

Skill      XL: |  1  2  3  4  5  6  7  8  9 10 |
---------------+-------------------------------+-----
Maces & Flails | 3 4 5 6 7 |  7.6
Throwing       | 2 3 |  3.0
Dodging        | 3 4 5 6 7 |  7.5
Fighting       | 3 4 5 6 7 |  7.8
Armour         | 1 3 |  3.7
Invocations    | 4 |  4.3
Shields        | 1 |  1.2

Action                   |  1- 3 |  4- 6 |  7- 9 | 10-12 || total
-------------------------+-------+-------+-------+-------++-------
Melee: Flail             |     8 |       |   468 |    51 ||   527
       Mace              |    71 |   221 |    61 |       ||   353
       Kick              |     9 |    66 |   173 |    21 ||   269
Throw: Throwing net      |       |       |     1 |       ||     1
Evoke: Wand              |       |       |     1 |     1 ||     2
  Use: Potion            |     2 |       |       |     1 ||     3
       Scroll            |       |    14 |     4 |       ||    18
 Stab: Sleeping          |       |     2 |     3 |       ||     5
       Distracted        |       |     1 |       |       ||     1
  Eat: Chunk             |       |     6 |    13 |       ||    19
       Ration            |       |     1 |     1 |       ||     2
Armor: Leather armour    |    18 |    35 |       |       ||    53
       Ring mail         |       |    35 |   194 |    49 ||   278
Dodge: Dodged            |    61 |   149 |   385 |    86 ||   681
